AoeStats
← gazza17

African Clearing

517794345Analyzed
4v4 RM · 6d ago on Oct 31, 2026· 40m 11s· 8 players
Game mode
Random Map
Map size
Large (8 player)
Population
200
Speed
Normal
Resources
Standard
Victory
Conquest
Starting age
Dark Age
Ending age
Imperial Age
RankedLock teamsTeams togetherTeam positionsShared explorationLock speedFull tech treeHidden civsTurbo modeCheats
Victory
Defeat
🇬🇧 Shu · United Kingdom
967
+13
🇺🇸 Franks · United States
831
+19
🇺🇸 Mongols · United States
805
+21
🇺🇸 Teutons · United States
797
+20
vs
🇺🇸 Huns · United States
944
-20
🇺🇸 Bohemians · United States
920
-19
🇦🇷 Spanish · Argentina
886
-34
🇵🇹 Maya · Portugal
845
-16
[ATARB] ExDic Nicolas Maduro
5:43 Loom
12:29 Feudal Age
17:19 Castle Age
23:23 Wheelbarrow
26:32 Horse Collar
30:14 Chemistry
33:20 Padded Archer Armor
37:55 Squires
tequilamockingbird
14:23 Feudal Age
19:03 Castle Age
17:37 Double-Bit Axe
20:23 Scale Barding Armor
20:54 Bow Saw
21:59 Husbandry
22:23 Chain Barding Armor
22:05 Pikeman
37:50 Imperial Age
Maximobran
8:26 Loom
17:35 Feudal Age
19:31 Horse Collar
19:42 Double-Bit Axe
KingBrun0
5:30 Loom
lookatthembeans
6:36 Loom
18:20 Feudal Age
24:30 Castle Age
24:22 Forging
24:12 Scale Mail Armor
24:39 Horse Collar
24:55 Fletching
26:53 Pikeman
28:47 Pikeman
36:02 Iron Casting
35:42 Chain Mail Armor
35:23 Bodkin Arrow
38:02 Arson
KKony
5:26 Loom
16:00 Feudal Age
19:32 Castle Age
17:41 Double-Bit Axe
17:48 Gold Mining
19:17 Wheelbarrow
21:28 Bow Saw
25:35 Forging
28:42 Husbandry
34:53 Imperial Age
33:31 Iron Casting
33:12 Scale Barding Armor
35:45 Cavalier
37:32 Chemistry
37:42 Paladin
40:04 Blast Furnace
39:24 Chain Barding Armor
Blackjack
3:20 Loom
16:00 Feudal Age
17:43 Bloodlines
22:17 Castle Age
20:36 Double-Bit Axe
21:09 Horse Collar
21:55 Bloodlines
23:35 Husbandry
23:24 Town Watch
24:15 Wheelbarrow
24:27 Stone Mining
24:48 Light Cavalry
25:38 Gold Mining
27:20 Squires
28:48 Pikeman
31:02 Ballistics
31:55 Heavy Plow
36:58 Imperial Age
35:56 Thumb Ring
36:51 Hand Cart
37:05 Bow Saw
38:04 Town Patrol
39:03 Conscription
39:08 Drill
38:45 Capped Ram
39:37 Town Patrol
39:48 Siege Engineers
gazza17
5:18 Loom
16:44 Feudal Age
17:48 Double-Bit Axe
21:31 Castle Age
19:57 Horse Collar
20:13 Gold Mining
20:39 Padded Archer Armor
20:32 Fletching
22:08 Bodkin Arrow
22:29 Leather Archer Armor
21:38 Crossbowman
24:21 Bow Saw
26:51 Stone Mining
29:38 Wheelbarrow
29:33 Ballistics
35:29 Gold Shaft Mining
40:30 Imperial Age
38:17 Hand Cart
Connection lost

Rejoining the realm…

Still unreachable

The connection could not be restored.

Session expired

The server has moved on; the page needs a fresh start.